 Dungeon Crawl Stone Soup version 0.31.0-9-g3a7656b989 (webtiles) character file.

Game seed: 8766377973111150524

39 Kenran the Ruffian (level 3, -4/33 HPs)
             Began as an Oni Shapeshifter on Feb 3, 2024.
             Killed from afar by an orc wizard (11 damage)
             ... with a puff of flame
             ... on level 2 of the Dungeon.
             The game lasted 00:02:18 (1393 turns).

Kenran the Ruffian (Oni Shapeshifter)               Turns: 1393, Time: 00:02:19

Health: -4/33      AC:  3    Str: 18    XL:     3   Next: 47%
Magic:  3/3        EV:  9    Int: 11    God:
Gold:   66         SH:  0    Dex: 10    Spells: 2/2 levels left

rFire   . .          .
                       - Unarmed
rCold   . . .        (no shield)
rNeg    . . .        a - +0 animal skin
rPois   .            (helmet currently unavailable)
rElec   .            (cloak currently unavailable)
rCorr   .            (gloves unavailable)
SInv    .            (boots unavailable)
Will    .....        (no amulet)
Stlth   +            (no ring)
HPRegen 0.25/turn    (no ring)
MPRegen 0.08/turn

%: no passive effects
@: beast-form
A: beast (slay +1), large, unfitting armour, horns 1, tough skin 1, double
potion healing, drunken brawling
a: Begin Untransformation


You were on level 2 of the Dungeon.
You were a hulking beast.
You visited 1 branch of the dungeon, and saw 2 of its levels.

You collected 66 gold pieces.

Inventory:

Armour
 a - a +0 animal skin (worn)
Talismans
 c - a beast talisman
 d - a flux talisman
 h - a dragon-blood talisman
Scrolls
 e - 3 scrolls of teleportation
 f - a scroll of enchant weapon {unknown}
 j - a scroll of enchant armour {unknown}
 k - a scroll of vulnerability {unknown}
 l - a scroll of blinking {unknown}
 n - a scroll of identify {unknown}
Potions
 b - a potion of degeneration {unknown}
 g - a potion of curing {unknown}
 i - a potion of resistance {unknown}
 m - a potion of magic {unknown}
 o - a potion of mutation {unknown}


   Skills:
 - Level 1.3 Fighting
 - Level 1.7 Dodging
 + Level 4.0 Unarmed Combat
 - Level 3.0 Shapeshifting


You had 2 spell levels left.
You didn't know any spells.
Your spell library was empty.

Dungeon Overview and Level Annotations

Branches:
Dungeon (2/15)

Altars:

Shops:
D:1 (


Innate Abilities, Weirdness & Mutations

You are a hulking beast.
Your limbs bulge with bestial killing power. (Slay +1)
You are too large for most types of armour.
You have a pair of small horns on your head.
You have tough skin. (AC +1)
You gain doubled healing and magic from potions.
Whenever you drink a healing potion, you attack all around you.


Message History

You closely miss something. Your headbutt misses something.
You punch something.
You hear some strange, mumbled words.
You are confused.
You miss something. Your headbutt misses something. Something hits you.
You bump into the rock wall.
Something hits you but does no damage.
You bump into the rock wall.
Something hits you.
The orc wizard points at you and mumbles some strange words.
The kobold throws a stone.
The stone barely misses you.
You bump into the rock wall.
Something hits the kobold.
The kobold dies!
You hit something.
You bump into the rock wall.
You feel less confused.
You barely miss the orc wizard. Your headbutt misses the orc wizard.
Something hits the orc wizard.
You hit the orc wizard. Your headbutt misses the orc wizard.
The orc wizard is lightly wounded.
The orc wizard hits you with a +0 dagger.
You punch the orc wizard!
The orc wizard is heavily wounded.
The orc wizard casts a spell at you. The magic dart hits you!
You hit the orc wizard.
The orc wizard is severely wounded.
The orc wizard gestures wildly while chanting.
The orc wizard flickers and vanishes!
You barely miss something. Your headbutt misses something. Something hits you.
You miss something. Your headbutt misses something.
You hear some strange, mumbled words. x2
A magic dart appears from out of thin air!
The magic dart hits you.
* * * LOW HITPOINT WARNING * * *
You closely miss something. Something hits you.
* * * LOW HITPOINT WARNING * * *
You closely miss something.
You hear some strange, mumbled words.
A puff of flame appears from out of thin air!
The puff of flame hits you!
You die...

#.#
#####.#########.###.#.#.##
..# #........# #.#
#.#..... ### #.##..##.#
#.# #.###.## # #.#...##.#
#+# #.....# # #......#.#
... ####### # ##.#...##.#
.... ## # #.........#
..... ##.
#######.###...####).....
####..
......†)........h{......
+.....
.######.###...####o.....
####.. .# #.##....# .....
##. .# #.##.##.# .... ###
.# #.##.##.# ... #.. .#
#>......# #+# #.# .#
####.#### ####.##### #.#
.# #####.##### #........#
#.# #.........# #.##.###.#
#.#


You could see an orc.

Vanquished Creatures
  An adder (D:2)
  A dart slug (D:2)
  A ribbon worm (D:2)
  An orc (D:2)
  3 endoplasms
  2 giant cockroaches (D:1)
  A goblin (D:2)
  A hobgoblin (D:1)
  5 kobolds
  2 ball pythons (D:1)
  3 bats
  2 frilled lizards (D:1)
  2 rats (D:1)
25 creatures vanquished.

Vanquished Creatures (others)
  A kobold (D:2)
1 creature vanquished.

Grand Total: 26 creatures vanquished

Notes
Turn   | Place    | Note
-------+----------+-------------------------------------------
     0 | D:1      | Kenran the Oni Shapeshifter began the quest for the Orb.
     0 | D:1      | Reached XP level 1. HP: 19/19 MP: 1/1
   224 | D:1      | Reached skill level 3 in Unarmed Combat
   252 | D:1      | Reached XP level 2. HP: 19/27 MP: 2/2
   318 | D:1      | Found Fuvoffav's Antique Weapon Boutique.
  1133 | D:2      | Reached XP level 3. HP: 28/33 MP: 3/3
  1227 | D:2      | Reached skill level 4 in Unarmed Combat
  1393 | D:2      | Killed from afar by an orc wizard

Illustrated notes

Levels and vault maps discovered:
D:1:      dpeg_arrival_boxorama, layout_basic, serial_shops,
          nicolae_shop_crystal
D:2:      layout_loops_corners

Skill      XL: |  1  2  3 |
---------------+----------+-----
Unarmed Combat | 3 4 |  4.0
Fighting       | |  1.3
Dodging        | |  1.7
Shapeshifting  | |  3.0

Action                     || total
---------------------------++-------
  Melee: Unarmed           ||    85
         Headbutt          ||    10
         Punch             ||     2
    Use: Potion            ||     1
         Scroll            ||     1
 Armour: Animal skin       ||    59
         Skin              ||     4
  Dodge: Dodged            ||    23
